 Dungeon Crawl Stone Soup version 0.32-a0-314-g526f7d4993 (webtiles) character file.

Game seed: 10410373839199322762

76178 Gargoyl the Warrior (level 15, 0/154 HPs)
             Began as a Gargoyle Berserker on Feb 15, 2024.
             Was an Elder of Trog.
             Slain by a two-headed ogre
             ... wielding a +0 giant club
              (3 damage)
             ... on level 13 of the Dungeon on Feb 16, 2024.
             The game lasted 00:32:33 (16700 turns).

Gargoyl the Warrior (Gargoyle Berserker)           Turns: 16700, Time: 00:32:34

Health: 0/154      AC: 32    Str: 27      XL:     15   Next: 18%
Magic:  11/13      EV: 14    Int:  8 (9)  God:    Trog [****..]
Gold:   826        SH:  9    Dex: 15      Spells: 14/14 levels left

rFire   . . .        s - +5 hand axe (elec)
rCold   + + .        I - +2 buckler {rC+}
rNeg    + + .        h - +2 scale mail {rN+}
rPois   ∞            N - +0 helmet
rElec   +            i - +2 cloak
rCorr   .            F - +1 pair of gloves
SInv    +            A - +1 pair of boots
Will    +++..        J - amulet of regeneration Stlth
                     w - ring of protection from cold
HPRegen 2.25/turn    u - +6 ring of strength
MPRegen 0.13/turn

%: no passive effects
@: berserking, strong-willed (expiring), flying, regenerating (expiring),
studying Fighting, very quick
A: sickness immunity, AC +11, big wings, negative energy resistance 1,
electricity resistance, torment resistance 1, petrification resistance, see
invisible, deterioration 2, low MP 1
a: Renounce Religion, Berserk, Trog's Hand, Brothers in Arms


You were on level 13 of the Dungeon.
You worshipped Trog.
Trog was greatly pleased with you.
You visited 2 branches of the dungeon, and saw 18 of its levels.
You also visited: Gauntlet and Ice Cave.

You collected 1074 gold pieces.
You spent 248 gold pieces at shops.

Inventory:

Hand Weapons
 o - a +3 hand axe
 s - a +5 hand axe of electrocution (weapon)
 T - a +2 scimitar of flaming
Missiles
 e - 41 poisoned darts (quivered)
 E - 7 throwing nets
Armour
 h - a +2 scale mail of positive energy (worn)
 i - a +2 cloak (worn)
 A - a +1 pair of boots (worn)
 F - a +1 pair of gloves (worn)
 I - a +2 buckler of cold resistance (worn)
 N - a +0 helmet (worn)
Jewellery
 u - a +6 ring of strength (right hand)
 v - a +6 ring of dexterity
 w - a ring of protection from cold (left hand)
 J - an amulet of regeneration (around neck)
 R - a ring of willpower
Wands
 g - a wand of flame (69)
 q - a wand of paralysis (5)
 t - a wand of quicksilver (8)
 y - a wand of mindburst (17)
 D - a wand of iceblast (23)
Scrolls
 j - 11 scrolls of teleportation
 l - 5 scrolls of poison
 r - 4 scrolls of fear
 x - 2 scrolls of fog
 B - 3 scrolls of blinking
 P - a scroll of summoning
Potions
 b - 2 potions of might
 c - 5 potions of haste
 d - 4 potions of lignification
 f - 3 potions of curing
 k - 2 potions of resistance
 m - 2 potions of berserk rage
 n - 2 potions of invisibility
 p - 2 potions of brilliance
 z - 5 potions of enlightenment
 K - 4 potions of cancellation {unknown}
 M - a potion of mutation
 O - 3 potions of heal wounds
 Q - 2 potions of magic
Miscellaneous
 C - a phantom mirror
 L - a condenser vane


   Skills:
 + Level 15.2 Fighting
 + Level 1.0 Long Blades
 + Level 15.0 Axes
 + Level 2.2(10.8) Maces & Flails
 + Level 0.4 Throwing
 + Level 12.0 Armour
 + Level 7.4 Dodging
 + Level 3.1 Stealth
 + Level 11.6 Shields


You had 14 spell levels left.
You didn't know any spells.
Your spell library was empty.

Dungeon Overview and Level Annotations

Branches:
Dungeon (13/15)            Temple (0/1) D:6            Lair (5/5) D:11
 Shoals (0/4) Lair:3        Snake (0/4) Lair:2        Slime (0/5) Lair:4
    Orc (0/2) D:9           IceCv (visited)         Gauntlet (visited)
 Vaults: D:13-14

Altars:
Elyvilon
Fedhas
Gozag
Trog
Uskayaw
Vehumet
Wu Jian
Zin
Jiyva

Shops:
D:1 (=:(   D:2 !   D:5 ?   D:7 *

Annotations:
D:13 1 transporter


Innate Abilities, Weirdness & Mutations

You are immune to sickness and miasma.
Your stone body is resilient. (AC +11)
You are immune to poison.
Your large and strong wings let you fly.
You resist negative energy. (rN+)
You are resistant to electric shocks. (rElec)
You are resistant to unholy torment.
You are immune to petrification.
You have supernaturally acute eyesight. (SInv)
Your body often deteriorates upon taking damage.
Your magical capacity is low. (-10% MP)


Message History

You slash the two-headed ogre!
The two-headed ogre completely misses you.
The two-headed ogre hits you with a +0 giant spiked club!!
Unknown command.
You closely miss the moth of wrath. You slash the two-headed ogre! x2
You feel the effects of Trog's Hand fading.
You block the two-headed ogre's attack. x2
The orc knight hits you from afar with a +1 antimagic bardiche!
You feel your power leaking away.
Unknown command.
You completely miss the moth of wrath. You slash the two-headed ogre!
You completely miss the two-headed ogre.
Unknown command.
You hit the moth of wrath.
The moth of wrath is lightly wounded.
You barely miss the two-headed ogre. You slash the two-headed ogre!
Lightning courses through the two-headed ogre!!
The moth of wrath bites you!
The two-headed ogre hits you with a +0 giant club!
The two-headed ogre hits you with a +0 giant spiked club!!
* * * LOW HITPOINT WARNING * * *
Your body deteriorates!
You feel dopey.
You closely miss the moth of wrath.
The moth of wrath is lightly wounded.
You hit the two-headed ogre. You slash the two-headed ogre!
Lightning courses through the two-headed ogre!
The two-headed ogre hits you with a +0 giant club!
* * * LOW HITPOINT WARNING * * *
You block the two-headed ogre's attack.
The orc knight hits you but does no damage.
You closely miss the moth of wrath.
The moth of wrath is lightly wounded.
You slice the two-headed ogre!! You barely miss the two-headed ogre.
The moth of wrath bites you but does no damage.
The two-headed ogre hits you with a +0 giant club!!
* * * LOW HITPOINT WARNING * * *
The two-headed ogre barely misses you. You block the two-headed ogre's attack.
The two-headed ogre hits you with a +0 giant club.
You die...

.#'####...........#...........
......))........>.#...........
..##########...####...........
.<+........#...#..............
..+........#...#..............
..#........#..................
..#........#.....©............
..#............#####....########
..#####......###@©y###..........
......####..###..OOO.##.........
............#..###Co..#.........
#########..##..# #....##..##.###
...........#...# ......#...# #
...........#....._.##..#...#
#.........#..##?![≈##.#...# #
#.........##.#§#.######..##.##
####.......####..... #.........


You could see an orc knight, an ettin, 3 two-headed ogres and a moth of wrath.

Vanquished Creatures
  A frost giant (IceCv)
  A minotaur (Gauntlet)
  The ghost of YordlordTheGreat the Bludgeoner, a journeyman HuCA of Ignis (Lair:4)
  The ghost of flinch the Arsonist, a journeyman OpFE of Vehumet (D:13)
  Harold (D:9)
  3 hydras
  A merfolk avatar (Lair:5)
  2 boulder beetles
  An ogre mage (D:12)
  9 two-headed ogres
  A centaur warrior (D:13)
  8 death yaks
  Sonja (D:11)
  A fire crab (Lair:4)
  5 skysharks
  An arcanist (D:12)
  3 manticores
  A moth of wrath (D:13)
  Maurice (D:12)
  A merfolk siren (Lair:3)
  An oklob plant (Lair:4)
  3 meliai (Gauntlet)
  An elephant (Lair:5)
  An ice statue (IceCv)
  5 black mambas
  14 cane toads
  A gargoyle (D:12)
  2 torpor snails
  2 orange demons (D:12)
  4 rime drakes
  2 kobold demonologists
  An efreet (D:12)
  2 unseen horrors
  2 ice devils (Lair:1)
  6 komodo dragons
  14 polar bears
  5 trolls
  2 snapping turtles (Lair:5)
  Grinder (D:3)
  Prince Ribbit (D:5)
  2 hornets (Lair:5)
  3 wind drakes (Lair:5)
  A blink frog (Lair:2)
  6 dream sheep (Lair:5)
  6 slime creatures
  59 yaks
  5 wyverns
  2 wraiths (D:9)
  Eustachio (D:6)
  2 basilisks
  2 steam dragons (Lair:5)
  8 vampire mosquitoes
  2 swamp worms (Gauntlet)
  3 nagas (Lair:2)
  15 water moccasins
  3 orc warriors
  An ice beast (D:7)
  2 black bears
  4 ogres
  24 wolves
  7 centaurs
  Blork the orc (D:4)
  2 kobold brigands
  4 bullfrogs
  7 scorpions
  5 wights (D:10)
  15 killer bees (D:9)
  2 electric eels (Lair:3)
  A howler monkey (D:8)
  A lava snake (D:9)
  6 jellies
  2 bombardier beetles (D:6)
  A gnoll bouda (D:8)
  4 hounds
  10 orc priests
  2 sleepcaps (D:4)
  5 iguanas
  Ijyb (D:3)
  10 orc wizards
  10 gnolls
  11 adders
  4 white imps
  2 ufetubi (D:6)
  3 dart slugs
  2 ribbon worms
  30 orcs
  10 endoplasms
  3 giant cockroaches
  8 goblins
  10 hobgoblins
  8 jackals (D:2)
  18 kobolds
  A quokka (D:2)
  5 ball pythons
  7 bats
  A frilled lizard (D:3)
  6 rats
490 creatures vanquished.

Vanquished Creatures (collateral kills)
  A warg (D:9)
  3 orc warriors (D:9)
4 creatures vanquished.

Vanquished Creatures (others)
  2 foxfires (D:13)
2 creatures vanquished.

Grand Total: 496 creatures vanquished

Notes
Turn   | Place    | Note
-------+----------+-------------------------------------------
     0 | D:1      | Gargoyl the Gargoyle Berserker began the quest for the Orb.
     0 | D:1      | Reached XP level 1. HP: 14/14 MP: 1/1
   114 | D:1      | Found Padef's Jewellery Boutique.
   216 | D:1      | Reached XP level 2. HP: 14/19 MP: 2/2
   323 | D:1      | Found Pukkises's Weapon Shoppe.
   342 | D:1      | Found Reruuva's Book Boutique.
   347 | D:1      | Reached XP level 3. HP: 24/24 MP: 3/3
   477 | D:1      | Found Mubraoru's Antique Weapon Emporium.
  1205 | D:2      | Reached ** piety under Trog
  1299 | D:2      | Reached XP level 4. HP: 25/29 MP: 4/4
  1359 | D:2      | Found Arugg's Distillery.
  1391 | D:2      | Bought a potion of heal wounds for 55 gold pieces
  1541 | D:2      | Reached XP level 5. HP: 33/33 MP: 5/5
  1688 | D:3      | Noticed Ijyb
  1717 | D:3      | Killed Ijyb
  1773 | D:3      | Noticed a black bear
  1786 | D:3      | Killed a black bear
  1787 | D:3      | Reached skill level 1 in Stealth
  1787 | D:3      | Reached XP level 6. HP: 39/39 MP: 6/6
  1947 | D:3      | Found an opulent altar of Gozag.
  2050 | D:3      | Noticed Grinder
  2052 | D:3      | Paralysed by Grinder for 3 turns
  2063 | D:3      | Reached skill level 5 in Axes
  2095 | D:3      | Killed Grinder
  2096 | D:3      | Reached skill level 5 in Fighting
  2096 | D:3      | Reached XP level 7. HP: 44/44 MP: 7/7
  3002 | D:4      | Reached XP level 8. HP: 38/50 MP: 8/8
  3064 | D:4      | Noticed Blork the orc
  3078 | D:4      | Killed Blork the orc
  3248 | D:5      | Entered Level 5 of the Dungeon
  3401 | D:5      | Noticed Prince Ribbit
  3427 | D:5      | Killed Prince Ribbit
  3821 | D:5      | Found Vaugum's Magic Scroll Shoppe.
  3844 | D:5      | Bought a scroll of teleportation for 33 gold pieces
  3844 | D:5      | Bought a scroll of fear for 44 gold pieces
  3844 | D:5      | Bought a scroll of fear for 44 gold pieces
  4116 | D:6      | Found a staircase to the Ecumenical Temple.
  4300 | D:6      | Reached skill level 5 in Armour
  4464 | D:6      | Reached XP level 9. HP: 55/55 MP: 9/9
  4591 | D:6      | Found a radiant altar of Vehumet.
  4728 | D:6      | Noticed Eustachio
  4737 | D:6      | Killed Eustachio
  4893 | D:7      | Upgraded the game from 0.32-a0-312-g1d7162e751 to
                  | 0.32-a0-314-g526f7d4993
  5356 | D:7      | Found Usmohootz's General Store.
  5365 | D:7      | Bought a +0 pair of boots for 72 gold pieces
  6030 | D:8      | Reached XP level 10. HP: 57/63 MP: 10/10
  6317 | D:8      | Reached *** piety under Trog
  6902 | D:9      | Reached skill level 10 in Axes
  7097 | D:9      | Found a staircase to the Orcish Mines.
  7107 | D:9      | Reached skill level 1 in Shields
  7137 | D:9      | Noticed Harold
  7160 | D:9      | Killed Harold
  7316 | D:9      | Reached XP level 11. HP: 57/68 MP: 11/11
  7521 | D:10     | Entered Level 10 of the Dungeon
  7716 | D:10     | Found a glowing silver altar of Zin.
  7740 | D:10     | Noticed a two-headed ogre
  7746 | D:10     | Killed a two-headed ogre
  8266 | D:10     | Found a white marble altar of Elyvilon.
  8459 | D:10     | Reached skill level 5 in Shields
  8575 | D:10     | You fall into a shaft and drop 1 floor!
  8582 | D:11     | Noticed a two-headed ogre
  8588 | D:11     | Killed a two-headed ogre
  8710 | D:11     | Noticed a death yak
  8710 | D:11     | Noticed a death yak
  8711 | D:11     | Found a staircase to the Lair.
  8731 | D:11     | Killed a death yak
  8751 | D:11     | Killed a death yak
  8790 | D:11     | Reached skill level 5 in Dodging
  8956 | D:11     | Noticed Sonja
  8956 | D:11     | Noticed a boulder beetle
  8963 | D:11     | Killed Sonja
  8964 | D:11     | Reached XP level 12. HP: 76/76 MP: 12/12
  8997 | D:11     | Killed a boulder beetle
  9237 | D:11     | Noticed a two-headed ogre
  9243 | D:11     | Killed a two-headed ogre
  9609 | Lair:1   | Entered Level 1 of the Lair of Beasts
 10117 | Lair:1   | Found a frozen archway.
 10139 | IceCv    | Entered an ice cave
 10237 | IceCv    | Noticed a death yak
 10237 | IceCv    | Noticed a death yak
 10262 | IceCv    | Killed a death yak
 10263 | IceCv    | Reached skill level 10 in Fighting
 10268 | IceCv    | Killed a death yak
 10759 | IceCv    | Noticed a frost giant
 10793 | IceCv    | Killed a frost giant
 11031 | IceCv    | Reached XP level 13. HP: 83/83 MP: 13/13
 11037 | IceCv    | Reached skill level 10 in Armour
 11367 | Lair:1   | You fall into a shaft and drop 1 floor!
 12056 | Lair:2   | Found a staircase to the Snake Pit.
 12365 | Lair:3   | Identified 2 scrolls of acquirement
 12365 | Lair:3   | Acquired a manual of Fighting
 12367 | Lair:3   | Acquired an amulet of regeneration
 12470 | Lair:3   | Reached **** piety under Trog
 12486 | Lair:3   | Found a staircase to the Shoals.
 12727 | Lair:3   | Found a hide-covered altar of Uskayaw.
 12729 | Lair:3   | Found an ornate altar of the Wu Jian Council.
 13158 | Lair:4   | Found a staircase to the Slime Pits.
 13162 | Lair:4   | Found a viscous altar of Jiyva.
 13668 | Lair:4   | Found a blossoming altar of Fedhas.
 13805 | Lair:4   | Found a runed translucent door.
 13808 | Lair:4   | Noticed YordlordTheGreat's ghost (journeyman HuCA)
 13927 | Lair:4   | Gained mutation: Your large and strong wings let you fly.
                  | [Gargoyle growth]
 13927 | Lair:4   | Reached XP level 14. HP: 91/92 MP: 14/14
 14143 | Lair:4   | Killed YordlordTheGreat's ghost
 14155 | Lair:4   | Gained mutation: Your magical capacity is low. (-10% MP)
                  | [potion of mutation]
 14155 | Lair:4   | Gained mutation: Your body sometimes deteriorates upon
                  | taking damage. [potion of mutation]
 14155 | Lair:4   | Gained mutation: Your body often deteriorates upon taking
                  | damage. [potion of mutation]
 14155 | Lair:4   | Gained mutation: You have supernaturally acute eyesight.
                  | (SInv) [potion of mutation]
 14212 | Lair:5   | Entered Level 5 of the Lair of Beasts
 14310 | Lair:5   | Found a gate leading to a gauntlet.
 14323 | Gauntlet | Entered a Gauntlet
 14323 | Gauntlet | Found a transporter.
 14323 | Gauntlet | Found a transporter.
 14323 | Gauntlet | Found a large runed translucent door.
 14323 | Gauntlet | Found a large runed translucent door.
 14323 | Gauntlet | Found a large runed translucent door.
 14323 | Gauntlet | Found a large runed translucent door.
 14323 | Gauntlet | Found a large runed translucent door.
 14323 | Gauntlet | Found a large runed translucent door.
 14323 | Gauntlet | Found a runed translucent door.
 14323 | Gauntlet | Found a runed translucent door.
 14323 | Gauntlet | Found a large runed translucent door.
 14323 | Gauntlet | Found a large runed translucent door.
 14323 | Gauntlet | Found a large runed translucent door.
 14323 | Gauntlet | Found a large runed translucent door.
 14323 | Gauntlet | Found a large runed translucent door.
 14323 | Gauntlet | Found a large runed translucent door.
 14327 | Gauntlet | Found a large runed translucent door.
 14327 | Gauntlet | Found a large runed translucent door.
 14327 | Gauntlet | Found a large runed translucent door.
 14327 | Gauntlet | Found a large runed translucent door.
 14330 | Gauntlet | Found a transporter.
 14331 | Gauntlet | Found a transporter.
 14341 | Gauntlet | Reached skill level 10 in Shields
 14344 | Gauntlet | Identified the +4 morningstar "Hudaosuu" {venom, rF+}
 14367 | Gauntlet | Found a transporter.
 14397 | Gauntlet | Reached skill level 1 in Maces & Flails
 14399 | Gauntlet | Found a transporter.
 14450 | Gauntlet | Found a transporter.
 14455 | Gauntlet | Found a transporter.
 14463 | Gauntlet | Found a transporter.
 14479 | Gauntlet | Found a transporter.
 14485 | Gauntlet | Identified the amulet of Cinn {RegenMP Stlth+}
 14754 | Lair:5   | Got an earthy gem with 61 turns to spare
 15876 | D:12     | Noticed Maurice
 15891 | D:12     | Maurice stole a condenser vane
 15892 | D:12     | Killed Maurice
 16387 | D:12     | Reached XP level 15. HP: 101/101 MP: 13/13
 16478 | D:13     | Found a transporter.
 16483 | D:13     | Noticed flinch's ghost (journeyman OpFE)
 16620 | D:13     | Reached skill level 15 in Fighting
 16652 | D:13     | Found a bloodstained altar of Trog.
 16671 | D:13     | Found a transporter.
 16693 | D:13     | Killed flinch's ghost
 16694 | D:13     | Reached skill level 1 in Long Blades
 16694 | D:13     | Reached skill level 15 in Axes
 16699 | D:13     | HP: 1/154 [two-headed ogre/+0 giant club (33)]
 16700 | D:13     | Slain by a two-headed ogre

Illustrated notes

Levels and vault maps discovered:
D:1:      minmay_arrival_wavy_path, layout_loops_ring, serial_shops,
          nicolae_diamond_shop, shop, shop, shop
D:2:      layout_loops_ring, serial_shops, nicolae_shop_crystal,
          corexii_hall_statues_x, moated_statue, grunt_decor_arrowhead,
          minmay_fractal_squares_5
D:3:      corexii_shack_village, layout_rooms,
          nicolae_gozag_cash_rules_everything_around_me, uniq_ijyb, uniq_grinder
D:4:      layout_basic, hangedman_minor_gate_pass, uniq_blork_the_orc
D:5:      layout_loops_cross, serial_shops, nicolae_shop_waterfront,
          minivault_24, uniq_prince_ribbit1
D:6:      layout_loops_ring, kennysheep_mini_moat,
          minmay_temple_entry_statues_pillars, kennysheep_generic_room_16,
          uniq_eustachio
D:7:      layout_layer_cave, serial_shops, shop, nicolae_tricolors
D:8:      layout_loops_corners
D:9:      layout_big_octagon, david_orc_1_choice, uniq_harold
D:10:     layout_stronghold, general_overflow_altar, zin_treasury,
          nemelex_spade_bored_becter, enter_bailey_1, serial_shops, shop,
          kennysheep_generic_room_10
D:11:     layout_roguey, dpeg_lair_monsters, uniq_sonja
D:12:     layout_rooms, einodemon_barbed_minivault, uniq_maurice
D:13:     layout_irregular_city, gammafunk_ghost_wrathful_warriors, minivault_8,
          uniq_jorgrun
Lair:1:   layout_layer_cave, portal_ice_cave_demonic_guard,
          serial_bayou_shore_b, serial_bayou_shore_b
Lair:2:   layout_roguey, minmay_snake_entry_guardpost_small, st_stairs_13
Lair:3:   layout_gridlike, elwin_shoals_entry_rooms, wad_woods_river_03,
          minmay_holes, nzn_masters_of_martial_movement
Lair:4:   layout_gridlike, nicolae_slime_entry_field_trip,
          ebering_ghost_reflecting_pool, tgw_fedhas, lemuel_fruit_tree
Lair:5:   gammafunk_lair_ancient_temple, layout_hall_layers,
          gauntlet_entry_generic, hangedman_lair_unloving_vines

Skill      XL: |  1  2  3  4  5  6  7  8  9 10 11 12 13 14 15 |
---------------+----------------------------------------------+-----
Axes           | 3 4 5 6 7 9 10 12 13 14 15 | 15.0
Fighting       | 4 5 6 7 8 9 10 12 14 15 | 15.2
Dodging        | 2 3 4 5 6 7 |  7.4
Stealth        | 1 2 3 |  3.1
Armour         | 3 4 5 7 8 9 11 12 | 12.0
Shields        | 3 6 8 9 11 | 11.6
Maces & Flails | 2 |  2.2
Long Blades    | 1 |  1.0
Throwing       | |  0.4

Action                     |  1- 3 |  4- 6 |  7- 9 | 10-12 | 13-15 || total
---------------------------+-------+-------+-------+-------+-------++-------
  Melee: Hand axe          |    82 |   143 |   360 |   497 |   939 ||  2021
         Flail             |       |       |       |       |    15 ||    15
         Scimitar          |       |       |       |       |     8 ||     8
  Throw: Dart              |       |       |     3 |       |     1 ||     4
 Invoke: Berserk           |       |     7 |    11 |    19 |    20 ||    57
         Trog's Hand       |       |     6 |     5 |    10 |    13 ||    34
    Use: Scroll            |     1 |     3 |    14 |     7 |    12 ||    37
         Potion            |       |     1 |     1 |     6 |     1 ||     9
   Stab: Sleeping          |     1 |     1 |       |       |       ||     2
 Armour: Animal skin       |    57 |    82 |       |       |       ||   139
         Scale mail        |       |    52 |   266 |   420 |   736 ||  1474
  Dodge: Dodged            |    51 |   144 |   207 |   248 |   463 ||  1113
  Block: Kite shield       |       |       |       |   208 |       ||   208
         Buckler           |       |       |       |    33 |   364 ||   397

Table legend: (Time is in decaauts)
 A = Elapsed time spent in this place.
 B = Non-inter-level travel time spent in this place.
 C = Inter-level travel time spent in this place.
 D = Time resting spent in this place.
 E = Time spent auto-exploring this place.
 F = Levels seen in this place.
 G = Mean time per level.
                   A        B        C        D        E       F      G
               +--------+--------+--------+--------+--------+-----+--------+
         Total |  16796 |  16072 |    724 |   1008 |  10857 |  20 |  839.8 |
       Dungeon |  10706 |  10274 |    432 |    536 |   7231 |  13 |  823.5 |
          Lair |   4692 |   4401 |    291 |     56 |   3137 |   5 |  938.4 |
      Ice Cave |   1171 |   1171 |      0 |    355 |    488 |   1 | 1171.0 |
      Gauntlet |    227 |    227 |      0 |     61 |      0 |   1 |  227.0 |
               +--------+--------+--------+--------+--------+-----+--------+

Top non-repeatable levels by time:
   IceCv: 1171 daAuts
  Lair:5: 1166 daAuts
     D:8: 1125 daAuts
  Lair:4: 1114 daAuts
    D:10: 1091 daAuts
    D:11: 1055 daAuts
  Lair:2: 986 daAuts
     D:4: 982 daAuts
     D:1: 862 daAuts
     D:6: 843 daAuts
     D:7: 821 daAuts
     D:5: 808 daAuts
     D:2: 783 daAuts
  Lair:3: 758 daAuts
     D:9: 754 daAuts
